[Event "Early-Titled-Tuesday-Blitz-February-20-2024"]
[Site "Chess.com"]
[Date "2024.02.20"]
[Round "8"]
[White "Predator0608"]
[Black "AsaHoffmann"]
[Result "1-0"]
[WhiteElo "2590"]
[BlackElo "2368"]
[TimeControl "180+1"]
[EndTime "9:27:45 PST"]
[Termination "Predator0608 won by resignation"]

1. f4 d6 2. Nf3 Nf6 3. g3 c6 4.
Bg2 g6 5. O-O Bg7 6. d3 d5 7. Qe1 O-O 8. e4 Ne8 9. Nc3 d4 10. Ne2 c5 11. h3 Nc6 12. g4 Nb4 13.
Qd1 a5 14. a3 Nc6 15. Qe1 b5 16. f5 Bb7 17. Qg3 c4 18. h4 cxd3 19. cxd3 b4 20.
h5 Ba6 21. Nf4 Qb8 22. hxg6 fxg6 23. Qh4 Ne5 24. Ng5 h6 25. Nge6 g5 26. Qh2 gxf4 27.
Bxf4 Nxg4 28. Qg3 1-0

[Event "Early-Titled-Tuesday-Blitz-February-20-2024"]
[Site "Chess.com"]
[Date "2024.02.20"]
[Round "8"]
[White "SharapovEvgeny"]
[Black "GelmanAlexander"]
[Result "0-1"]
[WhiteElo "2558"]
[BlackElo "2750"]
[TimeControl "180+1"]
[EndTime "9:27:48 PST"]
[Termination "GelmanAlexander won by checkmate"]

1. e4 c5 2. Nf3 e6 3. d4 cxd4 4.
Nxd4 a6 5. Bd3 d6 6. O-O Nf6 7. c4 b6 8. Nc3 Bb7 9. Be3 Nbd7 10. f3 Rc8 11. Qd2 h6 12. Rfc1 g5 13. Bf1 Rg8 14. h3 Ne5 15. Na4 Nfd7 16. b4 h5 17. c5 dxc5 18.
bxc5 bxc5 19. Nb3 g4 20. hxg4 hxg4 21. f4 Nf3+ 22. gxf3 gxf3+ 23. Kf2 Qh4+ 24. Kxf3 Nf6 25. Naxc5 Bxc5 26. Nxc5 Rxc5 27. Bxc5 Nxe4 28. Qe1 Rg3+ 29.
Ke2 Qg4# 0-1

[Event "Early-Titled-Tuesday-Blitz-February-20-2024"]
[Site "Chess.com"]
[Date "2024.02.20"]
[Round "8"]
[White "Yeritsyaan"]
[Black "Cheer_Down"]
[Result "1-0"]
[WhiteElo "2616"]
[BlackElo "2431"]
[TimeControl "180+1"]
[EndTime "9:27:52 PST"]
[Termination "Yeritsyaan won by resignation"]

1. c4 e6 2. Nf3 Nf6 3. g3 b6 4. Bg2 Bb7 5. O-O Be7 6. Nc3 O-O 7. d4 d5 8. Ne5 Na6 9. cxd5 exd5 10. Bf4 c5 11.
Rc1 h6 12. Qa4 Qe8 13. Qxe8 Rfxe8 14. dxc5 Nxc5 15. Rfd1 Bd6 16. Nd3 Nxd3 17. Rxd3 Bxf4 18. gxf4 Rac8 19. e3 Rc5 20. Rcd1 Rd8 21. b4 Rc4 22. a3 d4 23. Bxb7 1-0

[Event "Early-Titled-Tuesday-Blitz-February-20-2024"]
[Site "Chess.com"]
[Date "2024.02.20"]
[Round "8"]
[White "treadstone_71"]
[Black "C_K_G"]
[Result "0-1"]
[WhiteElo "2303"]
[BlackElo "2175"]
[TimeControl "180+1"]
[EndTime "9:27:55 PST"]
[Termination "C_K_G won by resignation"]

1. e4 c5 2. Nf3 d6 3. d4 cxd4 4.
Nxd4 Nf6 5. Nc3 a6 6. Bg5 e5 7. Nf5 Bxf5 8. exf5 Nbd7 9. g3 Qc7 10. Bg2 Be7 11. O-O O-O 12. Qd2 Rac8 13. Rad1 b5 14. a3 Rfd8 15. Rfe1 Nb6 16. Re2 Nc4 17. Qc1 Nxb2 18.
Bxf6 Nxd1 19. Nd5 Nc3 20. Nxc3 Bxf6 21. Nd5 Qc4 22. Nxf6+ gxf6 23. Re4 Qxc2 24. Rg4+ Kh8 25. Qh6 Qc1+ 26. Bf1 Qxh6 0-1

[Event "Early-Titled-Tuesday-Blitz-February-20-2024"]
[Site "Chess.com"]
[Date "2024.02.20"]
[Round "8"]
[White "ilya2700"]
[Black "ChEsper99"]
[Result "1-0"]
[WhiteElo "2379"]
[BlackElo "2231"]
[TimeControl "180+1"]
[EndTime "9:28:00 PST"]
[Termination "ilya2700 won by resignation"]

1. e4 c6 2. d4 d5 3. exd5 cxd5 4. Bd3 Nf6 5. Nf3 Nc6 6. Bf4 Bg4 7. c3 e6 8. O-O Bd6 9. Bxd6 Qxd6 10. Nbd2 O-O 11. Qc2 a6 12. Rfe1 Bh5 13. Ne5 Bg6 14. Bxg6 hxg6 15. Ndf3 Nd7 16. Re3 b5 17. Rae1 b4 18. Ng5 Rac8 19. Nxg6 fxg6 20. Qxg6 Nf6 21. Rxe6 Rce8 22.
Rxe8 Rxe8 23. Rxe8+ Nxe8 24. Qxe8+ Qf8 25. Qxc6 g6 26.
Qxg6+ 1-0

[Event "Early-Titled-Tuesday-Blitz-February-20-2024"]
[Site "Chess.com"]
[Date "2024.02.20"]
[Round "8"]
[White "Goryachkina"]
[Black "Capablanca_Oujda_2021"]
[Result "1-0"]
[WhiteElo "2709"]
[BlackElo "2527"]
[TimeControl "180+1"]
[EndTime "9:28:04 PST"]
[Termination "Goryachkina won by resignation"]

1. e4 d5 2. exd5 Nf6 3. Nf3 Nxd5 4. Bc4 Nc6 5. O-O h6 6. Nc3 Be6 7. Bb5 a6 8. Bxc6+ bxc6 9. Re1 g5 10. Ne5 Bg7 11. d4 Qd6 12. Ne4 Bxe5 13. Nxd6+ Bxd6 14. c4 Nf4 15. c5 Nh3+ 16. gxh3 Bf4 17. Bxf4 gxf4 18.
Rxe6 fxe6 19. Qf3 Kd7 20. Re1 Raf8 21. Re4 1-0

[Event "Early-Titled-Tuesday-Blitz-February-20-2024"]
[Site "Chess.com"]
[Date "2024.02.20"]
[Round "8"]
[White "tusplingher"]
[Black "averageFM"]
[Result "0-1"]
[WhiteElo "2474"]
[BlackElo "2626"]
[TimeControl "180+1"]
[EndTime "9:28:04 PST"]
[Termination "averageFM won by checkmate"]

1. e4 c5 2. Nf3 e6 3. d4 cxd4 4.
Nxd4 Nc6 5. Nc3 Qc7 6. Qd3 Nf6 7. Ndb5 Qb8 8. Qg3 d6 9. Be3 a6 10. Nd4 h5 11. f3 h4 12. Qf2 Ne5 13. h3 b5 14.
O-O-O Bd7 15. f4 b4 16. Nb1 Nxe4 17. Qe1 Nc6 18. Nxc6 Bxc6 19. Bd3 Nf6 20. Bd4 Bxg2 21. Rg1 Bf3 22. Rd2 Qb7 23. Rf2 Bd5 24. Nd2 Rc8 25.
Kb1 Qc6 26. Re2 Nd7 27. Bxg7 Bxg7 28. Rxg7 Nc5 29. Bc4 Na4 30. Bxd5 Qxc2+ 31. Ka1 Qxb2# 0-1

[Event "Early-Titled-Tuesday-Blitz-February-20-2024"]
[Site "Chess.com"]
[Date "2024.02.20"]
[Round "8"]
[White "blitzking1729"]
[Black "N_I_Chess"]
[Result "1-0"]
[WhiteElo "2699"]
[BlackElo "2313"]
[TimeControl "180+1"]
[EndTime "9:28:07 PST"]
[Termination "blitzking1729 won by resignation"]

1. e4 Nf6 2. d3 d5 3. Nd2 e5 4.
Ngf3 Nc6 5. Be2 Bc5 6. O-O O-O 7.
c3 Bb6 8. b4 a6 9. a3 Bg4 10. Qc2 Re8 11. h3 Bh5 12. Re1 dxe4 13. dxe4 Ba7 14. Nc4 Qe7 15. Bg5 h6 16. Bh4 Bg6 17.
Bf1 Qe6 18. a4 Nh5 19. b5 axb5 20. axb5 Ne7 21. Ncxe5 Bh7 22. Bc4 Qb6 23. Bxf7+ Kh8 24. Bxh5 Rf8 25. Nd7 1-0

[Event "Early-Titled-Tuesday-Blitz-February-20-2024"]
[Site "Chess.com"]
[Date "2024.02.20"]
[Round "8"]
[White "rhungaski"]
[Black "maciek_92"]
[Result "0-1"]
[WhiteElo "2585"]
[BlackElo "2815"]
[TimeControl "180+1"]
[EndTime "9:28:12 PST"]
[Termination "maciek_92 won by resignation"]

1. e4 c5 2. Nf3 e6 3. d4 cxd4 4. Nxd4 Nc6 5. Nb5 d6 6. c4 Nf6 7. N1c3 a6 8. Na3 Be7 9. Be2 Qc7 10. O-O b6 11. Bf4 Bb7 12. Rc1 Ne5 13. Re1 Ng6 14. Bg3 Nxe4 15. Nd5 exd5 16. cxd5 Qd8 17. Qa4+ b5 18. Qxe4 O-O 19. Nc2 Bg5 20. f4 Re8 21. Qf3 Bf6 22. b3 Qa5 23. a3 Ne7 24. Nb4 Qxa3 25. Nc6 Bxc6 26. dxc6 Rac8 27. Bd3 Qb4 28. Kh1 g6 29. f5 Bg5 30. fxg6 hxg6 31. Re4 Qxb3 32.
Rce1 Rxc6 33. Rxe7 Rxe7 34. Rxe7 Bxe7 35. h4 Rc1+ 36. Kh2 Qe6 37. h5 Rc5 38. hxg6 fxg6 39. Qa8+ Kg7 40. Bf4 Rh5+ 41. Kg3 Qe1+ 42. Kf3 Rh3+ 43.
gxh3 Qh1+ 0-1

[Event "Early-Titled-Tuesday-Blitz-February-20-2024"]
[Site "Chess.com"]
[Date "2024.02.20"]
[Round "8"]
[White "poummba"]
[Black "Grande_Strategia"]
[Result "0-1"]
[WhiteElo "2368"]
[BlackElo "2518"]
[TimeControl "180+1"]
[EndTime "9:28:12 PST"]
[Termination "Grande_Strategia won by checkmate"]

1. e4 f6 2. d4 Kf7 3. Nf3 g6 4.
h4 Bh6 5. h5 Kg7 6. Nc3 d6 7.
Bc4 Bg4 8. Bxh6+ Nxh6 9. hxg6 hxg6 10. Qd2 e5 11. O-O-O Nc6 12. Ne2 Bxf3 13. gxf3 exd4 14. Nxd4 Nxd4 15. Qxd4 Qe7 16. f4 Nf7 17. Rhg1 Rh4 18.
Qe3 Rah8 19. Rg3 Rh1 20. Qxa7 Rxd1+ 21. Kxd1 Rh1+ 22. Kd2 Qxe4 23. Bd3 Qe1# 0-1

[Event "Early-Titled-Tuesday-Blitz-February-20-2024"]
[Site "Chess.com"]
[Date "2024.02.20"]
[Round "8"]
[White "AlexeiShirov"]
[Black "Kumi29"]
[Result "1-0"]
[WhiteElo "2844"]
[BlackElo "2626"]
[TimeControl "180+1"]
[EndTime "9:28:17 PST"]
[Termination "AlexeiShirov won by resignation"]

1. e4 d5 2. exd5 Qxd5 3. Nc3 Qd8 4. Nf3 Nf6 5. d4 g6 6. h4 h5 7.
Bc4 Bg7 8. Ne5 e6 9. Bg5 Nbd7 10.
Qf3 Nf8 11. d5 N8h7 12. O-O-O Qe7 13. dxe6 Bxe6 14. Bxe6 Qxe6 15. Rhe1 O-O 16. Nxg6 Nxg5 17. hxg5 Qg4 18. Ne7+ Kh8 19. gxf6 Bh6+ 20. Kb1 Rad8 21. Qxg4 hxg4 22. Rh1 Rxd1+ 23. Nxd1 Kh7 24. Ne3 1-0

[Event "Early-Titled-Tuesday-Blitz-February-20-2024"]
[Site "Chess.com"]
[Date "2024.02.20"]
[Round "8"]
[White "Mesa_1"]
[Black "gpsji27"]
[Result "1-0"]
[WhiteElo "2584"]
[BlackElo "2327"]
[TimeControl "180+1"]
[EndTime "9:28:21 PST"]
[Termination "Mesa_1 won by resignation"]

1. d4 d5 2. Nc3 Nf6 3. Bf4 a6 4. e3 c5 5. dxc5 Nc6 6. a3 e5 7. Bg5 Be6 8. b4 a5 9. Bb5 Qd7 10. Nf3 e4 11. Ne5 Qc7 12. Bf4 Qc8 13. Na4 Nd7 14. Nxd7 Bxd7 15. Nb6 Qd8 16. Nxa8 Qxa8 17. Qxd5 1-0

[Event "Early-Titled-Tuesday-Blitz-February-20-2024"]
[Site "Chess.com"]
[Date "2024.02.20"]
[Round "8"]
[White "ZachHKL"]
[Black "cristiano78"]
[Result "0-1"]
[WhiteElo "2094"]
[BlackElo "2264"]
[TimeControl "180+1"]
[EndTime "9:28:21 PST"]
[Termination "cristiano78 won by resignation"]

1. e4 c5 2. Nf3 d6 3. d4 cxd4 4. Nxd4 Nf6 5. Nc3 g6 6. Be3 Bg7 7. f3 O-O 8. Qd2 Nc6 9. Bc4 Bd7 10. O-O-O Rc8 11. Bb3 Ne5 12. Kb1 Nc4 13. Bxc4 Rxc4 14.
g4 Qa5 15. Nd5 Qd8 16. Nb3 b6 17. Bh6 Nxd5 18. Bxg7 Kxg7 19. exd5 f5 20. g5 f4 21. h4 Bf5 22. Nd4 Qd7 23. Ka1 Rfc8 24. c3 b5 25. Rde1 b4 26. Nxf5+ Qxf5 27. cxb4 Kf8 28. Qe2 R8c7 29.
a3 Qxd5 30. Rd1 Qf5 31. h5 Rc2 32. hxg6 hxg6 33. Qd3 Rc1+ 34. Rxc1 Rxc1+ 35. Rxc1 Qxd3 0-1

[Event "Early-Titled-Tuesday-Blitz-February-20-2024"]
[Site "Chess.com"]
[Date "2024.02.20"]
[Round "8"]
[White "Bauman_Guy"]
[Black "FARIZA2018"]
[Result "1-0"]
[WhiteElo "2922"]
[BlackElo "2601"]
[TimeControl "180+1"]
[EndTime "9:28:40 PST"]
[Termination "Bauman_Guy won by resignation"]

1. e4 e5 2. Nf3 Nf6 3. Nxe5 d6 4. Nf3 Nxe4 5. d4 d5 6. Bd3 Be7 7. O-O Nc6 8. Nbd2 Nd6 9. Re1 Bf5 10. Nf1 Bxd3 11. Qxd3 O-O 12. Bf4 Bf6 13. c3 Qd7 14. Ng3 Rae8 15. Nh5 Ne4 16. Nd2 Qf5 17. Nxe4 dxe4 18.
Nxf6+ gxf6 19. Qg3+ Kh8 20. Bxc7 Rg8 21. Qf4 Qg6 22.
g3 f5 23. d5 Ne7 24. Rad1 Qg7 25. Kh1 Rc8 26. d6 Ng6 27. Qxf5 Nh4 28. Qxe4 Ng6 29.
d7 Rxc7 30. d8=Q Rxd8 31. Rxd8+ Nf8 32. Rxf8+ 1-0

[Event "Early-Titled-Tuesday-Blitz-February-20-2024"]
[Site "Chess.com"]
[Date "2024.02.20"]
[Round "8"]
[White "inagreV"]
[Black "AmanteDeMoi"]
[Result "1-0"]
[WhiteElo "2404"]
[BlackElo "2595"]
[TimeControl "180+1"]
[EndTime "9:28:41 PST"]
[Termination "inagreV won by checkmate"]

1. e4 g6 2. d4 Bg7 3. Nc3 c6 4. Nf3 d5 5. e5 h5 6. h3 Nh6 7. Bf4 Nf5 8. Be2 b5 9. Qd2 a5 10. O-O Na6 11. a4 b4 12. Nb1 Nc7 13. Rc1 e6 14. c4 Ba6 15. b3 c5 16.
cxd5 Qxd5 17. Rxc5 Qd7 18. Bc4 Bxc4 19. Rxc4 Nd5 20. Qe1 Nxf4 21. Nbd2 O-O 22. Ne4 Rfc8 23. Qd2 Nd5 24. g4 hxg4 25. hxg4 Nfe7 26. Kg2 Nc3 27. Rxc8+ Rxc8 28. Nd6 Rc6 29. Rh1 Ned5 30. Nc4 Qc7 31. Qg5 Ne2 32. Qh4 Ndf4+ 33. Kf1 Rxc4 34. bxc4 Qxc4 35.
Qd8+ Bf8 36. Rh8+ Kxh8 37. Qxf8+ Kh7 38. Ng5# 1-0

[Event "Early-Titled-Tuesday-Blitz-February-20-2024"]
[Site "Chess.com"]
[Date "2024.02.20"]
[Round "8"]
[White "N4700000"]
[Black "AttackSparrow"]
[Result "0-1"]
[WhiteElo "2464"]
[BlackElo "2623"]
[TimeControl "180+1"]
[EndTime "9:28:44 PST"]
[Termination "AttackSparrow won by resignation"]

1. e4 e5 2. Bc4 Nc6 3. Nc3 Nf6 4. d3 Na5 5. Nge2 Bc5 6. h3 O-O 7. a3 Nxc4 8. dxc4 a5 9. Qd3 a4 10. Bg5 h6 11. Bh4 c6 12. O-O-O Qe7 13. Ng3 d6 14. Nf5 Bxf5 15. exf5 e4 16. Bxf6 Qxf6 17. Qxe4 Bxa3 18. Qd4 Qxd4 19. Rxd4 Bc5 20. Rd2 a3 21. bxa3 Bxa3+ 22. Kb1 Ra6 23. Rd3 Rb6+ 24. Ka2 Ra8 25. Na4 Bc5 0-1

[Event "Early-Titled-Tuesday-Blitz-February-20-2024"]
[Site "Chess.com"]
[Date "2024.02.20"]
[Round "8"]
[White "ilqar_74"]
[Black "bescmelasti"]
[Result "1-0"]
[WhiteElo "2847"]
[BlackElo "2655"]
[TimeControl "180+1"]
[EndTime "9:28:49 PST"]
[Termination "ilqar_74 won by resignation"]

1. e4 c5 2. Nf3 e6 3. d4 cxd4 4. Nxd4 Nf6 5. Bd3 Nc6 6. Nxc6 bxc6 7. Nc3 d5 8. O-O Bd6 9. Qf3 O-O 10. Re1 e5 11.
exd5 Bg4 12. Qe3 cxd5 13. Qg5 e4 14. Bf1 h6 15. Qh4 Be6 16. Nb5 Be5 17. c3 Ng4 18. Qxd8 Bxh2+ 19. Kh1 Rfxd8 20. g3 h5 21. Be2 h4 22.
Bxg4 Bxg4 23. Kxh2 hxg3+ 24. Kxg3 Bh5 25. Rh1 Bf3 26. Rh2 Rab8 27. Nd4 Rb6 28. Nxf3 1-0

[Event "Early-Titled-Tuesday-Blitz-February-20-2024"]
[Site "Chess.com"]
[Date "2024.02.20"]
[Round "8"]
[White "traviscottofficial"]
[Black "TokChess"]
[Result "0-1"]
[WhiteElo "2724"]
[BlackElo "2552"]
[TimeControl "180+1"]
[EndTime "9:28:59 PST"]
[Termination "TokChess won on time"]

1. b4 Nf6 2. Bb2 g6 3. Nf3 Bg7 4. e3 O-O 5. Be2 d6 6. O-O Nbd7 7. c4 e5 8. d4 e4 9. Nfd2 Re8 10. Nc3 Nf8 11.
b5 h5 12. a4 h4 13. Qc2 Bf5 14. Rfe1 h3 15. g3 N8h7 16. a5 a6 17. bxa6 bxa6 18. Na2 Ng5 19. Nb4 Bg4 20. d5 Bxe2 21. Rxe2 Qd7 22. Ree1 Qf5 23. f4 exf3 24. Qxf5 gxf5 25. Nc6 f2+ 26. Kxf2 Ng4+ 27. Kg1 Bxb2 28. Rab1 Bc3 29. Re2 Bxd2 0-1

[Event "Early-Titled-Tuesday-Blitz-February-20-2024"]
[Site "Chess.com"]
[Date "2024.02.20"]
[Round "8"]
[White "EsmeraldasAnderson03"]
[Black "djano"]
[Result "0-1"]
[WhiteElo "2525"]
[BlackElo "2668"]
[TimeControl "180+1"]
[EndTime "9:29:04 PST"]
[Termination "djano won by resignation"]

1. d4 d5 2. c4 e6 3. cxd5 exd5 4. Nc3 c6 5. Nf3 Nf6 6. Bg5 Bd6 7. Qc2 h6 8. Bh4 Na6 9. e3 Nb4 10. Qd1 Bf5 11.
Rc1 Qa5 12. a3 Na2 13. Bxf6 Nxc1 14. Bxg7 Rh7 15. Be5 Bxe5 16. Qxc1 Bd6 17. Nh4 Be6 18. Bd3 Rg7 19. g3 O-O-O 20. O-O Kb8 21. Qc2 Qc7 22.
Nf5 Bxf5 23. Bxf5 h5 24. Rc1 h4 25. Ne2 hxg3 26. hxg3 Rh8 27. Kg2 Qe7 28. Rh1 Rgg8 29. Bh7 Re8 30. Bd3 Rxh1 31. Kxh1 Rh8+ 32. Kg2 Qg5 33.
Ng1 Qh6 34. Qe2 Qh1+ 35. Kf1 Rh2 36. Qg4 Qg2+ 37. Ke2 Qxf2+ 0-1

[Event "Early-Titled-Tuesday-Blitz-February-20-2024"]
[Site "Chess.com"]
[Date "2024.02.20"]
[Round "8"]
[White "AnishOnYoutube"]
[Black "vugarrasulov"]
[Result "1-0"]
[WhiteElo "3030"]
[BlackElo "2948"]
[TimeControl "180+1"]
[EndTime "9:29:05 PST"]
[Termination "AnishOnYoutube won on time"]

1. d4 Nf6 2. c4 e6 3. Nf3 Bb4+ 4. Bd2 Bxd2+ 5. Qxd2 O-O 6. g3 d5 7. Bg2 Nbd7 8. O-O c6 9. Rc1 Ne4 10. Qe3 Nd6 11.
Nbd2 h6 12. Ne5 Nf5 13. Qc3 Nf6 14. e3 Nd7 15. Ndf3 Nf6 16. Nd2 Nd7 17. Nd3 Nf6 18.
b4 h5 19. a4 h4 20. b5 g6 21. Ne5 Bd7 22. cxd5 cxd5 23. Qc7 Rb8 24. g4 h3 25.
Bxh3 Nh4 26. g5 Nh7 27. Nxd7 Qxg5+ 28. Qg3 Qh6 29. Nxb8 Nf6 30. a5 Kg7 31. a6 b6 32. Nc6 Rh8 33. Ne5 Ne8 34. Rc8 Nf5 35.
Bxf5 exf5 36. Rac1 f6 37. R1c7+ Nxc7 38. Rxc7+ Kg8 39. Nxg6 1-0

[Event "Early-Titled-Tuesday-Blitz-February-20-2024"]
[Site "Chess.com"]
[Date "2024.02.20"]
[Round "8"]
[White "mbchess97"]
[Black "deribas12345"]
[Result "1-0"]
[WhiteElo "2479"]
[BlackElo "2604"]
[TimeControl "180+1"]
[EndTime "9:29:05 PST"]
[Termination "mbchess97 won by resignation"]

1. c4 c5 2. g3 Nc6 3. Bg2 g6 4. Nc3 Bg7 5. Nf3 e6 6. O-O Nge7 7. e3 O-O 8. d4 cxd4 9. Nxd4 Rb8 10. Ndb5 Na5 11.
Nd6 b6 12. Bd2 Ba6 13. b3 Nf5 14. Nxf5 gxf5 15. e4 fxe4 16. Nxe4 Bb7 17. Bg5 f6 18. Bd2 f5 19. Ng5 Bxg2 20. Kxg2 Bxa1 21. Qh5 Qe7 22. Rxa1 Qg7 23. Bb4 Rfc8 24. Bd6 Rb7 25. Rd1 Nc6 26.
Nf3 Nd8 27. Qe8+ 1-0

[Event "Early-Titled-Tuesday-Blitz-February-20-2024"]
[Site "Chess.com"]
[Date "2024.02.20"]
[Round "8"]
[White "sokidze"]
[Black "vi_pranav"]
[Result "0-1"]
[WhiteElo "2788"]
[BlackElo "3033"]
[TimeControl "180+1"]
[EndTime "9:29:09 PST"]
[Termination "vi_pranav won by resignation"]

1. d4 Nf6 2. c4 e6 3. Nf3 b6 4. g3 Bb7 5. Bg2 Be7 6. O-O O-O 7.
h4 a5 8. Re1 Bb4 9. Bd2 d6 10. b3 Nbd7 11. Nc3 h6 12. a3 Bxc3 13. Bxc3 Ne4 14. Bb2 f5 15. Nd2 Ndf6 16. Qc2 Qe8 17.
Nxe4 Bxe4 18. Qd2 Bxg2 19. Kxg2 Qg6 20. Qf4 Rae8 21. Rad1 Kh7 22. Kh1 Ng4 23. Rf1 e5 24. dxe5 dxe5 25. Qf3 f4 26. Qd3 fxg3 27. Qxg6+ Kxg6 28. fxg3 Nf2+ 29. Kg2 Nxd1 30. Rxd1 Rd8 31. Rxd8 Rxd8 32.
Bxe5 Rd7 33. Kf3 Kf5 34. Bc3 Ke6 35. Ke3 g6 36. Bd4 h5 37. a4 Rf7 38. Kd2 Rf1 39.
Bc3 Rb1 40. Kc2 Rg1 0-1

[Event "Early-Titled-Tuesday-Blitz-February-20-2024"]
[Site "Chess.com"]
[Date "2024.02.20"]
[Round "8"]
[White "RobertoJBM"]
[Black "ACollins05"]
[Result "1/2-1/2"]
[WhiteElo "2809"]
[BlackElo "2579"]
[TimeControl "180+1"]
[EndTime "9:29:12 PST"]
[Termination "Game drawn by repetition"]

1. d4 d5 2. Nf3 Nf6 3. e3 e6 4. Bd3 Be7 5. O-O O-O 6. Nbd2 b6 7. Qe2 Bb7 8. e4 dxe4 9. Nxe4 Nxe4 10. Bxe4 Bxe4 11.
Qxe4 Qd5 12. Qxd5 exd5 13. Re1 Bf6 14. Bg5 Nd7 15. Bxf6 Nxf6 16. Re7 Rac8 17. Rae1 Rfe8 18. Kf1 Kf8 19. Rxe8+ Rxe8 20. Ne5 Re6 21. f3 a5 22. a4 Ke7 23. Ke2 Nd7 24. Kd2 Nxe5 25. dxe5 f6 26. exf6+ Kxf6 27. Rc1 c5 28. b3 Re5 29. g3 Rf5 30.
Ke3 Re5+ 31. Kf2 d4 32. Re1 Rd5 33. Ke2 Rh5 34. h4 g5 35. hxg5+ Rxg5 36. Kf2 Rh5 37. Kg2 Rd5 38. Rh1 Kg6 39. Rd1 Re5 40. Kf2 Rh5 41. Kg2 Re5 42. Kf2 Rh5 43. Rg1 Rd5 44. Rd1 Rh5 1/2-1/2

[Event "Early-Titled-Tuesday-Blitz-February-20-2024"]
[Site "Chess.com"]
[Date "2024.02.20"]
[Round "8"]
[White "ShieldingOff"]
[Black "LeoLV10"]
[Result "0-1"]
[WhiteElo "2270"]
[BlackElo "2497"]
[TimeControl "180+1"]
[EndTime "9:29:13 PST"]
[Termination "LeoLV10 won on time"]

1. d4 Nf6 2. c4 e6 3. g3 c5 4. d5 exd5 5. cxd5 d6 6. Bg2 g6 7. Nc3 Bg7 8. Nf3 O-O 9. O-O Re8 10. Nd2 a6 11. a4 Nbd7 12. Nc4 Nb6 13. Na3 a5 14. h3 Bd7 15. e4 Rc8 16. Bf4 Qe7 17.
Qb3 Na8 18. Nc4 Red8 19. Bxd6 Qe8 20. Bf4 Qe7 21. Qxb7 Nh5 22. Bd6 Qe8 23. e5 Bf5 24.
Qb3 Bd3 25. Rfd1 Rb8 26. Nb5 Bxc4 27. Qxc4 Nb6 28. Qc3 Nxa4 29. Rxa4 Rxb5 30. Rxa5 Rxd6 31. exd6 Bxc3 32. Rxb5 Qxb5 0-1

[Event "Early-Titled-Tuesday-Blitz-February-20-2024"]
[Site "Chess.com"]
[Date "2024.02.20"]
[Round "8"]
[White "Rud_Makarian"]
[Black "DonkyDonkyDonkey"]
[Result "1-0"]
[WhiteElo "3083"]
[BlackElo "2911"]
[TimeControl "180+1"]
[EndTime "9:29:16 PST"]
[Termination "Rud_Makarian won by resignation"]

1. d4 Nf6 2. c4 e6 3. Nf3 d5 4.
g3 Be7 5. Bg2 O-O 6. O-O a5 7.
Qc2 c6 8. Bf4 b6 9. Rc1 Ba6 10.
cxd5 exd5 11. Bxb8 Rxb8 12. Ne5 Bb7 13. Nxc6 Bxc6 14. Qxc6 Rc8 15. Qxc8 Qxc8 16. Rxc8 Rxc8 17. Nc3 Bb4 18. Nxd5 Nxd5 19. Bxd5 Rc2 20. e3 Bd2 21. Rb1 Kf8 22. Kf1 Ke7 23. Bb3 Rc1+ 24. Rxc1 Bxc1 25. a4 Bxb2 26. Bc4 Ba3 27. Ke2 Bb4 28. e4 f6 29. f4 h5 30. e5 h4 31. gxh4 g6 32. Kd3 Be1 33. h5 gxh5 34. Ke4 h4 35. h3 Bg3 36. d5 fxe5 37. fxe5 Kd7 38. Bb5+ Ke7 39. d6+ Ke6 40. Bc4+ Kd7 41. Kd5 Kd8 42. e6 1-0

[Event "Early-Titled-Tuesday-Blitz-February-20-2024"]
[Site "Chess.com"]
[Date "2024.02.20"]
[Round "8"]
[White "koncheto"]
[Black "ExtremeLearner"]
[Result "0-1"]
[WhiteElo "2426"]
[BlackElo "2584"]
[TimeControl "180+1"]
[EndTime "9:29:18 PST"]
[Termination "ExtremeLearner won by checkmate"]

1. e4 c6 2. d4 d5 3. Nc3 dxe4 4. Nxe4 Nf6 5. Nxf6+ exf6 6. c3 Bd6 7. Bd3 O-O 8. Ne2 Re8 9. O-O Nd7 10. Ng3 Nf8 11.
f4 c5 12. d5 g6 13. Ne4 f5 14.
Nxd6 Qxd6 15. c4 Bd7 16. b3 f6 17. Bb2 Kf7 18. Qd2 b6 19. Qf2 h5 20. h3 Re7 21.
Qh4 Rae8 22. g4 Re3 23. Rad1 fxg4 24. f5 Qg3+ 25. Qxg3 Rxg3+ 26. Kf2 Rxh3 27. fxg6+ Nxg6 28. Kg1 Ne5 29. Bf5 Bxf5 30. Rxf5 Nf3+ 31. Kf2 Rh2+ 32. Kg3 Re4 33. d6 h4# 0-1

[Event "Early-Titled-Tuesday-Blitz-February-20-2024"]
[Site "Chess.com"]
[Date "2024.02.20"]
[Round "8"]
[White "DefiantChair"]
[Black "carloseduar100"]
[Result "1-0"]
[WhiteElo "2587"]
[BlackElo "2355"]
[TimeControl "180+1"]
[EndTime "9:29:20 PST"]
[Termination "DefiantChair won on time"]

1. e4 e6 2. d4 d5 3. Nd2 c5 4.
exd5 Qxd5 5. Ngf3 cxd4 6. Bc4 Qd7 7. O-O Nc6 8. Nb3 Nf6 9. Nbxd4 Nxd4 10. Nxd4 a6 11.
Re1 Qc7 12. Qe2 Bc5 13. Be3 O-O 14. Bd3 e5 15. Nb3 Bxe3 16. Qxe3 Re8 17. Qg3 b5 18. a4 b4 19. a5 Bb7 20. Rad1 Rac8 21. f3 h6 22. Re2 e4 23. Qxc7 Rxc7 24. Rde1 Rce7 25. Bc4 Kf8 26. Nc5 Bd5 27. Bxd5 Nxd5 28. Rxe4 Rxe4 29. Rxe4 Rxe4 30. fxe4 Nc7 31. Kf2 Ke7 32. Ke3 Kd6 33. Nd3 Kc6 34. Nxb4+ Kb5 35. Nd5 Ne6 36. b4 Kc4 37. c3 g6 38. h4 f5 39. Nf4 Nf8 40. exf5 gxf5 41. Ne2 Ne6 42. Kf3 1-0

[Event "Early-Titled-Tuesday-Blitz-February-20-2024"]
[Site "Chess.com"]
[Date "2024.02.20"]
[Round "8"]
[White "PavelChernomordik"]
[Black "MaxLeto"]
[Result "1-0"]
[WhiteElo "2454"]
[BlackElo "2538"]
[TimeControl "180+1"]
[EndTime "9:29:22 PST"]
[Termination "PavelChernomordik won by checkmate"]

1. e4 c5 2. Nc3 Nc6 3. Bb5 e5 4. d3 Nge7 5. a3 a6 6. Bc4 b5 7. Ba2 d6 8. f4 exf4 9. Bxf4 Ng6 10. Be3 Be7 11. Nf3 Bg4 12. h3 Bh4+ 13. Bf2 Bxf2+ 14. Kxf2 Bxf3 15. Qxf3 Nge5 16. Qg3 Qf6+ 17. Kg1 O-O 18. Rf1 Qh6 19. Kh2 Nd4 20. Rf2 Kh8 21. Rhf1 a5 22.
Nd5 b4 23. c3 Ne6 24. Ne3 Nxd3 25. Nf5 Nxf2 26. Nxh6 Nxe4 27. Qe3 N4g5 28. Nxf7+ Rxf7 29. Rxf7 Nxf7 30. Qxe6 Nh6 31. Qxd6 bxa3 32. bxa3 Nf5 33.
Qxc5 Rf8 34. Qxf8# 1-0

[Event "Early-Titled-Tuesday-Blitz-February-20-2024"]
[Site "Chess.com"]
[Date "2024.02.20"]
[Round "8"]
[White "pooh2012"]
[Black "lamomiajunior"]
[Result "0-1"]
[WhiteElo "2546"]
[BlackElo "2733"]
[TimeControl "180+1"]
[EndTime "9:29:23 PST"]
[Termination "lamomiajunior won by resignation"]

1. d4 Nf6 2. c4 g6 3. Nc3 Bg7 4. e4 d6 5. Nf3 O-O 6. Be2 Nc6 7. d5 Nb8 8. O-O c5 9. a3 Nbd7 10. Rb1 Ne8 11. Qc2 Nc7 12. b4 b6 13. Bb2 cxb4 14. axb4 a5 15. Na4 Bxb2 16. Rxb2 axb4 17. Rxb4 Na6 18. Rb2 Nac5 19. Nc3 e5 20. dxe6 fxe6 21. Rd1 Qe7 22. Nb5 Nb7 23. Qd2 Ndc5 24. Qe3 Bd7 25. Nc3 Ra3 26. Qd4 e5 27. Qd2 Bc6 28. Nd5 Qf7 29. Qc2 Ba4 30. Qb1 Bxd1 31. Bxd1 Rfa8 32. g3 Ra1 33. Qc2 Qxf3 0-1